 Dungeon Crawl Stone Soup version 0.30-a0-354-g6b83867211 (webtiles) character file.

Game seed: 904914766884880549

18756 Lanoc the Martial Artist (level 12, -4/85 HPs)
             Began as an Octopode Transmuter on Nov 7, 2022.
             Was the Champion of Jiyva.
             Slain by a large abomination (38 damage)
             ... on level 12 of the Dungeon.
             The game lasted 00:24:54 (9495 turns).

Lanoc the Martial Artist (Octopode Transmuter)      Turns: 9495, Time: 00:24:54

Health: -4/85      AC:  3    Str: 18    XL:     12   Next: 61%
Magic:  15/15      EV: 25    Int: 16    God:    Jiyva [******]
Gold:   294        SH:  0    Dex: 25    Spells: 9/15 levels left

rFire   + . .      SeeInvis +      - Unarmed
rCold   + . .      Faith    +    (no shield)
rNeg    . . .      Spirit   .    (helmet currently unavailable)
rPois   +          Reflect  .    E - amulet of faith
rElec   +          Harm     .    j - ring of protection from cold
rCorr   +          Rampage  .    p - +4 ring of evasion
Will    .....      Clarity  +    y - +6 ring of strength
Stlth   +++.......               w - ring of protection from fire
HPRegen 1.94/turn                t - ring of Pemn {Str+3 Dex+6}
MPRegen 0.64/turn                A - ring "Ruone" {rElec rPois Will- rCorr SInv}
                                 (no ring)
                                 (no ring)

@: appendages (expiring), wereblooded (expiring)
A: tentacle spike 3, almost no armour, amphibious, 8 rings, camouflage 1,
gelatinous body 1, (nimble swimmer 1), tentacles, antennae 1, iridescent scales
1, see invisible, agile 1, clarity, wild magic 2, eyeballs 3
a: End Transformation, Renounce Religion, Oozemancy, Slimify


You were on level 12 of the Dungeon.
You worshipped Jiyva.
Jiyva was exalted by your worship.
One of your tentacles had grown a beastly spike.
You visited 1 branch of the dungeon, and saw 12 of its levels.
You visited the Abyss 1 time.
You also visited: Ossuary and Gauntlet.

You collected 678 gold pieces.
You spent 384 gold pieces at shops.

Inventory:

Hand Weapons
 D - the +2 spear of the Poles {elec, Int+3}
   (You found it in a Gauntlet)

   It occasionally discharges a powerful burst of electricity upon striking a
   foe.
   Int:       It affects your intelligence (+3).
Jewellery
 f - a ring of fire
 j - a ring of protection from cold (left tentacle)
 p - a +4 ring of evasion (right tentacle)
 s - an amulet of guardian spirit
 t - the ring of Pemn (on tentacle) {Str+3 Dex+6}
   (You found it in a Gauntlet)

   [ring of dexterity]

   Str:       It affects your strength (+3).
   Dex:       It affects your dexterity (+6).
 w - a ring of protection from fire (on tentacle)
 y - a +6 ring of strength (on tentacle)
 A - the ring "Ruone" (on tentacle) {rElec rPois Will- rCorr SInv}
   (You found it in a Gauntlet)

   [ring of poison resistance]

   rElec:     It insulates you from electricity.
   rPois:     It protects you from poison.
   SInv:      It lets you see invisible.
   rCorr:     It protects you from acid and corrosion.
   Will:      It decreases your willpower.
 E - an amulet of faith (around mantle)
Wands
 b - a wand of digging (7)
 u - a wand of paralysis (8)
 x - a wand of roots (18)
 F - a wand of flame (7)
 G - a wand of acid (7)
Scrolls
 c - 2 scrolls of vulnerability
 i - 3 scrolls of teleportation
 q - a scroll of identify
 z - a scroll of blinking
 C - a scroll of amnesia
Potions
 a - 2 potions of lignification
 d - 3 potions of haste
 e - 4 potions of mutation
 g - 3 potions of heal wounds
 h - 3 potions of attraction
 k - 2 potions of curing
 l - 2 potions of cancellation
 m - a potion of invisibility
 n - a potion of brilliance
 o - 4 potions of magic
 r - 2 potions of resistance
 v - 2 potions of ambrosia
 B - a potion of flight


   Skills:
 + Level 9.3 Fighting
 + Level 9.6 Dodging
 * Level 13.3 Unarmed Combat
 - Level 2.0 Spellcasting
 + Level 9.5 Transmutations


You had 9 spell levels left.
You knew the following spells:

 Your Spells              Type           Power      Damage    Failure   Level
a - Beastly Appendage     Tmut           100%       N/A       2%          1
b - Wereblood             Tmut           50%        N/A       3%          2
c - Spider Form           Tmut/Pois      26%        N/A       19%         3

Your spell library contained the following spells:

 Spells                   Type           Power      Damage    Failure   Level
 Shock                    Conj/Air       8%         1d3       36%         1
 Ice Form                 Ice/Tmut       26%        N/A       45%         4
 Cigotuvi's Dreadful Rot  Necr/Pois/Air  4%         N/A       47%         2
 Inner Flame              Hex/Fire       2%         N/A       69%         3
 Swiftness                Air            2%         N/A       69%         3
 Airstrike                Air            1%         2d(1-17)  96%         4
 Dispel Undead            Necr           2%         3d7       96%         4
 Flame Wave               Conj/Fire      2%         2d4       96%         4
 Leda's Liquefaction      Hex/Erth       1%         N/A       96%         4
 Sticky Flame             Conj/Fire      2%         2d3       96%         4
 Lee's Rapid Deconstruct  Erth           1%         3d4*      100%        5
 Death Channel            Necr           1%         N/A       100%        6
 Iron Shot                Conj/Erth      1%         9d1       100%        6


Dungeon Overview and Level Annotations

Branches:
Dungeon (12/15)            Temple (0/1) D:5            Lair (0/5) D:9
    Orc (0/2) D:9         Ossuary (visited)         Gauntlet (visited)

Altars:
Cheibriados
Dithmenos
Elyvilon
Fedhas
Gozag
Nemelex Xobeh
Okawaru
Ru
Uskayaw
Zin
Jiyva

Shops:
D:6 *(=   D:7 !   D:8 (


Innate Abilities, Weirdness & Mutations

One of your tentacles has grown a beastly spike.
You cannot wear most types of armour.
You are amphibious.
You can wear up to eight rings at the same time.
Your skin changes colour to match your surroundings (Stealth+).
Your rubbery body absorbs attacks. (AC +1, EV +1)
((You are camouflaged when in or above water. (Stealth+)))
You have tentacles for arms and can constrict up to eight enemies at once.
You have a pair of small antennae on your head.
You are partially covered in iridescent scales. (AC +2)
You have supernaturally acute eyesight. (SInv)
You are agile. (Dex +4, Str/Int -1)
You possess an exceptional clarity of mind.
Your spells are harder to cast, but more powerful.
Your body is covered in eyes which may confuse attackers. (Acc +7, SInv)


Message History

You destroy the small abomination!
Found 6 poisoned darts.
The centaur wields a +0 shortbow.
The centaur shoots an arrow.
The arrow completely misses you.
The centaur shoots an arrow.
The arrow misses you.
The centaur shoots an arrow.
The arrow hits you!
The centaur shoots an arrow.
The arrow completely misses you.
The centaur shoots an arrow.
The arrow completely misses you.
The centaur shoots an arrow.
The arrow hits you!
A large abomination comes into view.
The centaur shoots an arrow.
The arrow hits you!
The centaur shoots an arrow.
The arrow hits you!
The centaur shoots an arrow.
The arrow misses you.
The centaur unwields a +0 shortbow.
The centaur misses you. The centaur completely misses you.
The eyeballs on your body gaze at the centaur.
The centaur hits itself.
The centaur kicks itself.
You batter the centaur!!
You feel a bit better.
You kill the centaur!
Things that are here:
a +0 shortbow; a centaur corpse You tentacle-slap the large abomination.
You pierce the large abomination.
You squeeze the large abomination, but do no damage.
The large abomination is moderately damaged.
The large abomination hits you!!
You shudder from the blow and a jelly pops out!
You tentacle-slap the large abomination.
You pierce the large abomination.
Your squeeze misses the large abomination.
The large abomination is moderately damaged.
Your transformation is almost over.
The large abomination misses you.
You bludgeon the large abomination!
You squeeze the large abomination, but do no damage.
The large abomination is heavily damaged.
You howl as the wereblood boils in your veins!
Your primal bloodlust is almost over.
The large abomination hits you!!!
You die...

*,*,*,,,,,* ##.###.### #.#.#
**,**,***,* #........## #...<
**,,,,* *,* #..###.#..#####....
*****,***,* #..#...............
*,,,,,* #......#..#####.#.#
***,*** #........## #.#.# *,*
#..#.##..# #.#.# *,* #.XJ.....#
#.... * #,* ##@#....## ##... **
#.* ### #.###.^# ##.... ,**
##.###)## #.###..## ##.....
,,####..{#.#X###...)...####......
,,'....ccz###......)...รท..'......
,,####..xX.#.####......####......
,** ####x####**#.....## ##..... **
*,.x.,,,,*##.#### ##.... *
*,.p.,,,,* #.# ##...


You could see a large abomination (ally target) and a friendly acid blob
(summoned).

Vanquished Creatures
  A minotaur (Gauntlet)
  A centaur warrior (D:11)
  A death yak (D:8)
  A skeletal warrior (D:12)
  A sixfirhy (Gauntlet)
  Pikel (D:7)
  A deep elf pyromancer (D:11)
  A centaur zombie (D:9)
  An elephant (Gauntlet)
  2 centaur skeletons (D:9)
  A kobold demonologist (D:11)
  3 hellwings (D:9)
  2 trolls
  Grinder (D:4)
  A hornet (D:8)
  3 centaur simulacra (Gauntlet)
  Sigmund (D:4)
  A basilisk (D:12)
  2 wraiths
  A wyvern (D:7)
  17 yaks
  A steam dragon (D:10)
  4 vampire mosquitoes (D:12)
  A large abomination (D:12)
  3 acid dragons
  A water moccasin (D:7)
  An ice beast (D:5)
  3 orc warriors (D:9)
  3 sky beasts
  An ogre (D:7)
  10 centaurs
  A kobold brigand (D:7)
  3 bullfrogs
  A necrophage (D:8)
  2 gnoll sergeants
  3 small abominations (D:12)
  Blork the orc (D:6)
  4 scorpions
  A hornet simulacrum (Gauntlet)
  4 wights (D:7)
  10 killer bees
  4 howler monkeys
  A hound (D:3)
  A gnoll bouda (D:10)
  2 orc priests
  Crazy Yiuf (D:2)
  2 iguanas (D:5)
  6 orc wizards
  A boggart skeleton (D:9)
  2 mummies (Ossuary)
  13 gnolls
  3 adders
  A shadow imp (D:7)
  2 white imps
  2 ufetubi (Gauntlet)
  3 worms
  5 dart slugs
  25 orcs
  3 bats (D:1)
  8 endoplasms
  5 giant cockroaches
  4 gnoll zombies (Ossuary)
  5 goblins
  7 hobgoblins
  3 jackals (D:4)
  2 quokkas
  2 ball pythons
  2 frilled lizards (D:1)
  3 goblin zombies (Ossuary)
  3 hobgoblin zombies (Ossuary)
  16 kobolds
  4 orc zombies (Ossuary)
  3 rats
246 creatures vanquished.

Vanquished Creatures (collateral kills)
  A dire elephant (Gauntlet)
  A two-headed ogre (D:8)
  2 death yaks (D:8)
  A skeletal warrior (D:12)
5 creatures vanquished.

Vanquished Creatures (others)
  A fire dragon (D:12)
  An ugly thing (D:11)
  An eye of devastation (shapeshifter) (D:12)
  A hornet (D:9)
  6 slime creatures (D:12)
  An acid dragon (D:12)
  2 black bears (D:5)
  A sky beast (D:7)
  An ice beast (D:8)
  A centaur (D:7)
  A vampire bat (D:5)
  14 jellies
  An iguana (D:5)
  2 orc wizards (D:8)
  An adder (D:3)
  A gnoll (D:3)
  A worm (D:3)
  5 orcs
  A ball python (D:3)
  An endoplasm (D:4)
  2 goblins
  A hobgoblin (D:3)
  9 bats
  2 kobolds
  2 rats
  A demonic plant (Gauntlet)
  A fungus (D:2)
  5 plants (D:2)
67 creatures vanquished.

Grand Total: 318 creatures vanquished

Notes
Turn   | Place    | Note
-------+----------+-------------------------------------------
     0 | D:1      | Lanoc the Octopode Transmuter began the quest for the Orb.
     0 | D:1      | Reached XP level 1. HP: 13/13 MP: 3/3
   223 | D:1      | Reached XP level 2. HP: 18/18 MP: 3/5
   654 | D:1      | Reached XP level 3. HP: 23/23 MP: 4/6
  1555 | D:2      | Found a faded altar of an unknown god.
  1562 | D:2      | Prayed at the altar of an unknown god.
  1562 | D:2      | Became a worshipper of Jiyva Jyzorha the Shapeless
  1562 | D:2      | Reached * piety under Jiyva
  1741 | D:2      | Found a runed translucent door.
  1742 | D:2      | Noticed Crazy Yiuf
  1851 | D:2      | Found Isunumuosm's Assorted Antiques.
  2107 | D:2      | Learned a level 2 spell: Wereblood
  2111 | D:2      | Killed Crazy Yiuf
  2112 | D:2      | Reached XP level 4. HP: 29/29 MP: 7/7
  2357 | D:3      | Reached skill level 4 in Unarmed Combat
  2357 | D:3      | Reached XP level 5. HP: 32/34 MP: 8/8
  2371 | D:3      | Found a hide-covered altar of Uskayaw.
  2382 | D:3      | Found a white marble altar of Elyvilon.
  2382 | D:3      | Found a blossoming altar of Fedhas.
  2411 | D:3      | Reached ** piety under Jiyva
  2468 | D:3      | Found a sparkling altar of Nemelex Xobeh.
  2542 | D:3      | Found a glowing silver altar of Zin.
  2545 | D:3      | Found an opulent altar of Gozag.
  2551 | D:3      | Found an iron altar of Okawaru.
  2554 | D:3      | Found a shadowy altar of Dithmenos.
  2694 | D:4      | Reached XP level 6. HP: 29/41 MP: 9/9
  2747 | D:4      | Noticed Grinder
  2761 | D:4      | Paralysed by Grinder for 2 turns
  3134 | D:4      | Reached *** piety under Jiyva
  3182 | D:4      | Killed Grinder
  3183 | D:4      | Reached skill level 5 in Unarmed Combat
  3183 | D:4      | Reached XP level 7. HP: 46/46 MP: 10/10
  3369 | D:4      | Gained mutation: Your melee attacks may engulf your foes in
                  | ooze. [Jiyva's grace]
  3369 | D:4      | Gained mutation: You are partially covered in iridescent
                  | scales. (AC +2) [Jiyva's grace]
  3369 | D:4      | Gained mutation: You are mostly covered in iridescent
                  | scales. (AC +4) [Jiyva's grace]
  3369 | D:4      | Gained mutation: You are completely covered in iridescent
                  | scales. (AC +6) [Jiyva's grace]
  3443 | D:4      | Noticed Sigmund
  3452 | D:4      | Killed Sigmund
  3569 | D:5      | Entered Level 5 of the Dungeon
  3605 | D:5      | Reached skill level 6 in Unarmed Combat
  3619 | D:5      | Found a sand-covered staircase.
  3634 | Ossuary  | Entered an ossuary
  3796 | D:5      | Reached XP level 8. HP: 54/54 MP: 11/11
  3801 | D:5      | Found a staircase to the Ecumenical Temple.
  4252 | D:6      | Reached **** piety under Jiyva
  4295 | D:6      | Found Fecu's Weapon Emporium.
  4331 | D:6      | Reached skill level 7 in Unarmed Combat
  4446 | D:6      | Found Iral's General Store.
  4454 | D:6      | Bought a potion of resistance for 150 gold pieces
  4553 | D:6      | Found Cehocleq's Jewellery Emporium.
  4558 | D:6      | Noticed Blork the orc
  4569 | D:6      | Killed Blork the orc
  4570 | D:6      | Reached skill level 5 in Dodging
  4674 | D:6      | Reached skill level 5 in Transmutations
  4824 | D:7      | Noticed a wyvern
  4834 | D:7      | Killed a wyvern
  4835 | D:7      | Reached skill level 5 in Fighting
  4835 | D:7      | Reached XP level 9. HP: 43/61 MP: 12/12
  4945 | D:7      | Noticed Pikel
  4960 | D:7      | Killed Pikel
  4961 | D:7      | Reached skill level 8 in Unarmed Combat
  5022 | D:7      | Reached ***** piety under Jiyva
  5229 | D:7      | Found Baudimuj's Distillery.
  5237 | D:7      | Bought 2 potions of heal wounds for 130 gold pieces
  5237 | D:7      | Bought a potion of ambrosia for 104 gold pieces
  5253 | D:7      | Lost mutation: Your melee attacks may engulf your foes in
                  | ooze. [Jiyva's grace]
  5253 | D:7      | Gained mutation: Your spells are a little harder to cast,
                  | but a little more powerful. [Jiyva's grace]
  5253 | D:7      | Gained mutation: Your spells are harder to cast, but more
                  | powerful. [Jiyva's grace]
  5253 | D:7      | Gained mutation: Your spells are much harder to cast, but
                  | much more powerful. [Jiyva's grace]
  5253 | D:7      | Gained mutation: You are agile. (Dex +4, Str/Int -1)
                  | [Jiyva's grace]
  5925 | D:8      | Found Imushraff's Weapon Shop.
  6104 | D:8      | Noticed a hornet
  6112 | D:8      | Killed a hornet
  6113 | D:8      | Reached skill level 9 in Unarmed Combat
  6209 | D:8      | Reached XP level 10. HP: 68/68 MP: 13/13
  6305 | D:8      | Noticed a two-headed ogre
  6314 | D:8      | Killed a two-headed ogre
  6585 | D:9      | Found a sacrificial altar of Ru.
  6605 | D:9      | Reached skill level 10 in Unarmed Combat
  6650 | D:9      | Found a staircase to the Orcish Mines.
  6738 | D:9      | Noticed a death yak
  6738 | D:9      | Noticed a death yak
  6758 | D:8      | Killed a death yak
  6804 | D:9      | Noticed a death yak
  6854 | D:8      | Killed a death yak
  6912 | D:8      | Killed a death yak
  6913 | D:8      | Reached skill level 11 in Unarmed Combat
  6913 | D:8      | Reached XP level 11. HP: 72/75 MP: 14/14
  6959 | D:9      | Found a staircase to the Lair.
  7262 | D:9      | Found the +4 Cigotuvi's embrace {rMiasma Drain rN+}
  7483 | D:10     | Entered Level 10 of the Dungeon
  7510 | D:10     | Found a snail-covered altar of Cheibriados.
  7511 | D:10     | Reached ****** piety under Jiyva
  7565 | D:10     | Lost mutation: Your spells are much harder to cast, but
                  | much more powerful. [Jiyva's grace]
  7565 | D:10     | Gained mutation: You have supernaturally acute eyesight.
                  | (SInv) [Jiyva's grace]
  7565 | D:10     | Gained mutation: Your muscles are strong. (Str +4, Int/Dex
                  | -1) [Jiyva's grace]
  7565 | D:10     | Gained mutation: Your muscles are very strong. (Str +8,
                  | Int/Dex -2) [Jiyva's grace]
  7565 | D:10     | Gained mutation: You have a pair of small antennae on your
                  | head. [Jiyva's grace]
  7586 | D:10     | Learned a level 3 spell: Spider Form
  8091 | D:11     | Noticed a deep elf pyromancer
  8105 | D:11     | Killed a deep elf pyromancer
  8134 | D:11     | Reached skill level 12 in Unarmed Combat
  8216 | D:11     | Got the Opusculum on Metal
  8311 | D:11     | Noticed a centaur warrior
  8320 | D:11     | Killed a centaur warrior
  8364 | D:11     | Noticed a white ugly thing
  8372 | D:11     | Killed a white ugly thing
  8431 | D:11     | Reached XP level 12. HP: 59/84 MP: 15/15
  8560 | D:11     | Identified the +6 long sword of the Big Fish {venom, rElec
                  | rPois}
  8707 | D:12     | Noticed a five-headed hydra
  8777 | D:12     | Found a gate leading to a gauntlet.
  8787 | Gauntlet | Entered a Gauntlet
  8787 | Gauntlet | Found a transporter.
  8787 | Gauntlet | Found a transporter.
  8793 | Gauntlet | Found a transporter.
  8805 | Gauntlet | Found a transporter.
  8823 | Gauntlet | Found a transporter.
  8823 | Gauntlet | Found a transporter.
  8825 | Gauntlet | Found a transporter.
  8825 | Gauntlet | Found a transporter.
  8827 | Gauntlet | Noticed a blizzard demon
  8834 | Gauntlet | Noticed a dire elephant
  8837 | Gauntlet | Found a transporter.
  8852 | Gauntlet | Found a runed translucent door.
  8853 | Gauntlet | Found a transporter.
  8854 | Gauntlet | Found a runed translucent door.
  8863 | Gauntlet | Found a transporter.
  8866 | Gauntlet | Noticed a cacodemon
  8877 | Gauntlet | Found a transporter.
  8897 | Gauntlet | Found a transporter.
  8897 | Gauntlet | Found a transporter.
  8898 | Gauntlet | Found a runed translucent door.
  9050 | Gauntlet | Identified the ring of Pemn {Str+3 Dex+6}
  9072 | Gauntlet | Identified the ring "Ruone" {rElec rPois Will- rCorr SInv}
  9076 | Gauntlet | Identified the +2 spear of the Poles {elec, Int+3}
  9079 | Gauntlet | Killed a dire elephant
  9114 | Gauntlet | Noticed a minotaur
  9130 | Gauntlet | Killed a minotaur
  9182 | D:12     | Reached skill level 13 in Unarmed Combat
  9192 | D:12     | Lost mutation: One of your tentacles bears a large vicious
                  | spike. [Jiyva's grace]
  9192 | D:12     | Lost mutation: You are completely covered in iridescent
                  | scales. (AC +6) [Jiyva's grace]
  9192 | D:12     | Lost mutation: You are mostly covered in iridescent scales.
                  | (AC +4) [Jiyva's grace]
  9192 | D:12     | Lost mutation: Your muscles are very strong. (Str +8,
                  | Int/Dex -2) [Jiyva's grace]
  9192 | D:12     | Lost mutation: Your muscles are strong. (Str +4, Int/Dex
                  | -1) [Jiyva's grace]
  9192 | D:12     | Gained mutation: Your body has grown eyes which may confuse
                  | attackers. (Acc +3) [Jiyva's grace]
  9192 | D:12     | Gained mutation: Your body has grown many eyes which may
                  | confuse attackers. (Acc +5) [Jiyva's grace]
  9192 | D:12     | Gained mutation: Your body is covered in eyes which may
                  | confuse attackers. (Acc +7, SInv) [Jiyva's grace]
  9192 | D:12     | Gained mutation: You possess an exceptional clarity of
                  | mind. [Jiyva's grace]
  9227 | D:12     | Killed a fire dragon
  9284 | Abyss:2  | Cast into level 2 of the Abyss (a wizard)
  9285 | Abyss:2  | Upgraded the game from 0.30-a0-347-gf58ed5266c to
                  | 0.30-a0-354-g6b83867211
  9287 | Abyss:2  | Found a corrupted altar of Lugonu.
  9320 | D:12     | Escaped the Abyss
  9328 | D:12     | Noticed a large abomination
  9495 | D:12     | Slain by a large abomination

Illustrated notes

Levels and vault maps discovered:
D:1:      elethiomel_arrival_maze, layout_basic
D:2:      layout_loops_ring, serial_shops, nicolae_shop_overgrown_old_shop,
          chequers_ecumenical_altar_simple, uniq_crazy_yiuf_cottage
D:3:      layout_rooms, minitemple, grunt_temple_overflow_open,
          nemelex_spade_bored_becter
D:4:      layout_basic, uniq_sigmund, uniq_grinder
D:5:      layout_rooms, minmay_temple_entry_purple_smoke,
          nicolae_ossuary_entry_ruins, roderic_batcave
D:6:      layout_loops_ring, serial_shops, shop, nicolae_shop_stone,
          nicolae_shop_statue_plus, corexii_checkpoint_a, uniq_blork_the_orc
D:7:      layout_basic, serial_shops, nicolae_diamond_shop, uniq_pikel
D:8:      layout_loops_corners, serial_shops, nicolae_shop_bloodbath_and_beyond
D:9:      layout_roguey, mainiacjoe_overflow_surrounded_room,
          dpeg_lair_monsters, hellmonk_guarded_unrand_cigotuvi
D:10:     layout_long_grid, lemuel_crystal_altar, minmay_misc_feat_enclosed
D:11:     layout_rooms
D:12:     minmay_guarded_unrand_guard, layout_loops_corners,
          gauntlet_entry_generic, laboratory

Skill      XL: |  1  2  3  4  5  6  7  8  9 10 11 12 |
---------------+-------------------------------------+-----
Fighting       | 2 3 5 6 7 8 9 |  9.3
Unarmed Combat | 4 5 6 7 9 11 12 13 | 13.3
Dodging        | 3 4 5 6 7 8 9 |  9.6
Transmutations | 3 4 5 6 7 8 9 |  9.5
Spellcasting   | |  2.0

Action                   |  1- 3 |  4- 6 |  7- 9 | 10-12 || total
-------------------------+-------+-------+-------+-------++-------
Melee: Unarmed           |    76 |    72 |   209 |   416 ||   773
       Tentacles         |    13 |    19 |    55 |   105 ||   192
       Kick              |    23 |    33 |    75 |   197 ||   328
       Constrict         |    18 |    23 |    49 |    45 ||   135
       Punch             |     1 |     2 |    12 |    43 ||    58
 Cast: Beastly Appendage |    29 |    14 |    29 |    32 ||   104
       Wereblood         |       |     2 |     8 |    26 ||    36
       Spider Form       |       |       |       |     1 ||     1
 Abil: End Transformatio |       |       |       |     1 ||     1
  Use: Scroll            |       |       |    14 |     8 ||    22
       Potion            |       |       |       |     2 ||     2
 Stab: Sleeping          |     8 |     3 |     5 |     1 ||    17
       Distracted        |       |       |       |     2 ||     2
       Confused          |       |       |       |     3 ||     3
Armor: Skin              |       |     2 |    35 |    75 ||   112
Dodge: Dodged            |    32 |    37 |   153 |   516 ||   738

Table legend: (Time is in decaauts)
 A = Elapsed time spent in this place.
 B = Non-inter-level travel time spent in this place.
 C = Inter-level travel time spent in this place.
 D = Time resting spent in this place.
 E = Time spent auto-exploring this place.
 F = Levels seen in this place.
 G = Mean time per level.
                   A        B        C        D        E       F      G
               +--------+--------+--------+--------+--------+-----+--------+
         Total |   9353 |   8963 |    390 |     46 |   6928 |  15 |  623.5 |
       Dungeon |   8869 |   8479 |    390 |     36 |   6754 |  12 |  739.1 |
         Abyss |     35 |     35 |      0 |      0 |      2 |   1 |   35.0 |
       Ossuary |    106 |    106 |      0 |      0 |     48 |   1 |  106.0 |
      Gauntlet |    342 |    342 |      0 |     10 |    124 |   1 |  342.0 |
               +--------+--------+--------+--------+--------+-----+--------+

Top non-repeatable levels by time:
     D:1: 1335 daAuts
     D:4: 932 daAuts
     D:9: 923 daAuts
     D:8: 889 daAuts
     D:7: 861 daAuts
     D:2: 799 daAuts
     D:6: 640 daAuts
    D:10: 595 daAuts
    D:11: 528 daAuts
     D:3: 473 daAuts
    D:12: 457 daAuts
     D:5: 432 daAuts
Gauntlet: 342 daAuts
 Ossuary: 106 daAuts
 Abyss:2: 35 daAuts
